 Dungeon Crawl Stone Soup version 0.28.0 (webtiles) character file.

Game seed: 1129779871673862637

42 freelancePsychic the Sneak (level 3, 0/33 HPs)
             Began as a Ghoul Delver on Feb 6, 2022.
             Slain by a goblin (1 damage)
             ... led by Robin
             ... on level 2 of the Dungeon.
             The game lasted 00:02:26 (843 turns).

freelancePsychic the Sneak (Ghoul Delver)            Turns: 843, Time: 00:02:27

Health: 0/33       AC:  3    Str: 15    XL:     3   Next: 54%
Magic:  2/2        EV:  8    Int:  5    God:
Gold:   46         SH:  0    Dex: 12    Spells: 2/2 levels left

rFire   . . .      SeeInvis .     - Unarmed
rCold   + . .      Faith    .   (no shield)
rNeg    + + +      Spirit   .   a - +0 leather armour
rPois   ∞          Reflect  .   (no helmet)
rElec   .          Harm     .   (no cloak)
rCorr   .          Rampage  .   (no gloves)
Will    .....                   (no boots)
Stlth   +++.......              (no amulet)
HPRegen 0.00/turn               (no ring)
MPRegen 0.08/turn               (no ring)

@: inhibited regen, constricted
A: claws 1, cold resistance 1, negative energy resistance 3, inhibited
regeneration, torment resistance 2
a: no special abilities


You were on level 2 of the Dungeon.
You visited 1 branch of the dungeon, and saw 5 of its levels.

You collected 46 gold pieces.

Inventory:

Armour
 a - a +0 leather armour (worn)
Wands
 e - a wand of polymorph (7)
 f - a wand of digging (3)
Scrolls
 b - a scroll of fog
 c - 2 scrolls of identify {unknown}
 d - 2 scrolls of fear
 g - a scroll of noise {unknown}
Potions
 h - a potion of invisibility {unknown}


   Skills:
 + Level 4.1 Fighting
 - Level 1.7 Dodging
 - Level 5.4 Stealth
 + Level 3.3 Unarmed Combat


You had 2 spell levels left.
You didn't know any spells.
Your spell library was empty.

Dungeon Overview and Level Annotations

Branches:
Dungeon (6/15)
 Temple: D:4-7

Altars:
Fedhas
Xom

Annotations:
D:2 Robin


Innate Abilities, Weirdness & Mutations

You thrive by killing the living.
You are immune to poison.
You have sharp fingernails.
Your flesh is cold resistant. (rC+)
You are immune to negative energy. (rN+++)
You do not regenerate when monsters are visible.
You are immune to unholy pain and torment.


Message History

The goblin hits you with a +0 dagger. Robin throws the goblin at you!
The goblin barely misses you.
You completely miss the goblin. The goblin hits you but does no damage.
The goblin hits you with a +0 club. The goblin misses you.
A goblin comes into view. It is wielding a +0 club.
The goblin no longer looks unusually strong.
The goblin closely misses you. Robin throws the goblin at you!
The goblin hits you with a +0 dagger.
A ball python comes into view.
The goblin hits you but does no damage.
The goblin no longer looks unusually strong.
The goblin barely misses you.
Robin roars a battlecry!
The goblins go into a battle-frenzy!
A goblin comes into view. It is wielding a +0 club.
The goblin hits you with a +0 club.
You hear a shout! x2; The ball python hisses angrily.
You hear a shout!
The goblin no longer looks unusually strong.
Robin throws the goblin at you!
* * * LOW HITPOINT WARNING * * *
The goblin barely misses you. The goblin closely misses you.
You scratch the goblin.
The goblin is heavily wounded.
The goblin no longer looks unusually strong.
The ball python barely misses you. The ball python closely misses you.
The goblin hits you with a +0 club.
* * * LOW HITPOINT WARNING * * *
The goblin closely misses you. The goblin hits you but does no damage.
You scratch the goblin.
You kill the goblin!
The ball python bites you.
* * * LOW HITPOINT WARNING * * *
The ball python grabs you. The ball python constricts you.
* * * LOW HITPOINT WARNING * * *
The goblin barely misses you. x2; The ball python closely misses you.
The ball python constricts you.
The ball python's grasp on you weakens, but your attempt to escape fails.
The goblin hits you but does no damage. The goblin hits you with a +0 club.
You die... gg

#.....##..... .#
######.######..#.. g#
#......# ##..##..
#g###.....^####...##.[
##.........†.......#...
##..###.......##....)...
#.)####..........####.##
#####....gS.............(..
#.......gg@)........#######
#.....†..gg...........
#...................###
#.........#.........#
#.........#.........
###################


You could see Robin, 4 goblins and a ball python.

Vanquished Creatures
  An adder (D:3)
  2 worms (D:2)
  2 orcs
  2 ball pythons
  3 endoplasms
  2 giant cockroaches
  3 goblins (D:2)
  3 hobgoblins
  3 kobolds
  A rat (D:2)
22 creatures vanquished.

Notes
Turn   | Place    | Note
-------+----------+-------------------------------------------
     0 | D:5      | freelancePsychic the Ghoul Delver began the quest for the
                  | Orb.
     0 | D:5      | Reached XP level 1. HP: 19/19 MP: 0/0
    19 | D:5      | Noticed an ogre
    37 | D:6      | Noticed a black bear
    76 | D:6      | Noticed an ice beast
    92 | D:6      | Noticed a centaur warrior zombie
   111 | D:5      | Noticed an iguana
   136 | D:5      | Noticed an ogre
   290 | D:3      | Reached XP level 2. HP: 26/26 MP: 1/1
   394 | D:3      | Found a blossoming altar of Fedhas.
   435 | D:3      | Found a shimmering altar of Xom.
   496 | D:2      | Reached XP level 3. HP: 29/33 MP: 2/2
   824 | D:2      | Noticed Robin
   842 | D:2      | HP: 1/33 [constriction (1)]
   843 | D:2      | Slain by a goblin

Illustrated notes

Levels and vault maps discovered:
D:2:      layout_rooms, uniq_robin
D:3:      layout_rooms, xom_butterflies, fedhas_altar_fruit_tree,
          minmay_stone_trees_small, st_stairs_6
D:4:      layout_basic, minmay_temple_entry_slanted, nicolae_ossuary_entry_giza
D:5:      layout_basic, grunt_ministairs_15, uniq_crazy_yiuf_cottage,
          uniq_menkaure
D:6:      layout_cave_pods, amethyst_overflow_temple_binary,
          overflow_temple_1_default, jmf_multi_god_temple2, uniq_maggie

Skill      XL: |  1  2 |
---------------+-------+-----
Unarmed Combat | 3 |  3.3
Fighting       | 4 |  4.1
Dodging        | |  1.7
Stealth        | |  5.4

Action                   || total
-------------------------++-------
Melee: Unarmed           ||    75
       Punch             ||     2
  Use: Scroll            ||     1
       Potion            ||     1
 Stab: Sleeping          ||     4
Armor: Leather armour    ||    20
Dodge: Dodged            ||    46
